 Dungeon Crawl Stone Soup version 0.24.0-125-gc4c63601f3 (webtiles) character file.

Game seed: 15705520532345380215, levelgen mode: deterministic

99 Peloso the Covered (level 4, -4/41 HPs)
             Began as a Minotaur Fighter on Mar 18, 2020.
             Slain by Sigmund
             ... wielding a +0 scythe
              (10 damage)
             ... on level 2 of the Dungeon.
             The game lasted 00:02:15 (908 turns).

Peloso the Covered (Minotaur Fighter)                Turns: 908, Time: 00:02:16

Health: -4/41      AC:  8    Str: 26      XL:     4   Next: 45%
Magic:  3/3        EV:  8    Int:  8 (10) God:
Gold:   50         SH:  0    Dex:  9 (10) Spells: 3/3 levels left

rFire    . . .     SeeInvis .   a - +0 long sword
rCold    . . .     Gourm    .   c - +0 shield
rNeg     . . .     Faith    .   b - +0 scale mail
rPois    .         Spirit   .   (helmet restricted)
rElec    .         Reflect  .   k - +0 cloak
rCorr    .         Harm     .   (no gloves)
MR       .....                  (no boots)
Stlth    ..........             (no amulet)
HPRegen  0.13/turn              (no ring)
MPRegen  0.08/turn              (no ring)

@: confused, mighty, brilliant
A: retaliatory headbutt, horns 2
a: no special abilities


You were on level 2 of the Dungeon.
You were not hungry.

You visited 1 branch of the dungeon, and saw 2 of its levels.

You collected 50 gold pieces.

Inventory:

Hand Weapons
 a - a +0 long sword (weapon)
Armour
 b - a +0 scale mail (worn)
 c - a +0 shield (worn)
 k - a +0 cloak (worn)
Scrolls
 e - a scroll of identify {unknown}
 g - 2 scrolls of teleportation {unknown}
 h - a scroll of remove curse {unknown}
 i - a scroll of fog {unknown}
 j - a scroll of enchant armour {unknown}
Comestibles
 f - 5 rations


   Skills:
 + Level 4.4 Fighting
 + Level 3.0 Long Blades
 + Level 4.5 Armour
 + Level 0.6 Dodging
 + Level 0.2 Stealth
 + Level 4.5 Shields


You had 3 spell levels left.
You didn't know any spells.
Your spell library was empty.

Dungeon Overview and Level Annotations

Branches:
Dungeon (2/15)

Altars:

Annotations:
D:2 Sigmund


Innate Abilities, Weirdness & Mutations

You reflexively headbutt those who attack you in melee.
You have a pair of horns on your head.


Message History

You miss something. Something hits you but does no damage.
You completely miss something. Something hits you.
You hit something. Something hits you.
You barely miss something. You headbutt something.
You hear some strange, mumbled words.
A magic dart appears from out of thin air!
The magic dart hits you.
* * * LOW HITPOINT WARNING * * *
You miss something. Your headbutt misses something.
Something hits you but does no damage.
It was a potion of brilliance.
You feel clever all of a sudden.
You feel very mighty all of a sudden. Something hits you.
* * * LOW HITPOINT WARNING * * *
You closely miss something.
You hear some strange, mumbled words.
You are confused.
You closely miss something. You headbutt something! Something hits you!
You die...

#>........... ....
......
#.###.#########..##
###### #.###.####
#... .....
###......... ....
..... #.....#.##.#
#### ..... #.....#.#
##### #.....#..
#.....###############
#..........†@{......#
#.....#############.#
#.....# #.# #.....#
#g# #.....# ...
#.....# ..... #.....#
.....$. #.....
.....{... .!.........


There were no monsters in sight!

Vanquished Creatures
  Jessica (D:2)
  2 adders (D:2)
  2 worms (D:2)
  4 dart slugs
  2 leopard geckos (D:1)
  3 giant cockroaches
  A goblin (D:1)
  7 hobgoblins
  A quokka (D:2)
  A ball python (D:2)
  7 bats
  3 kobolds
  7 rats
41 creatures vanquished.

Notes
Turn   | Place    | Note
-------+----------+-------------------------------------------
     0 | D:1      | Peloso the Minotaur Fighter began the quest for the Orb.
     0 | D:1      | Reached XP level 1. HP: 19/19 MP: 0/0
     2 | D:1      | Noticed a centaur
     4 | D:1      | Noticed a spriggan
     4 | D:1      | Noticed an elf
     6 | D:1      | Noticed a vampire
     6 | D:1      | Noticed a naga
     8 | D:1      | Noticed a draconian
    10 | D:1      | Noticed a dwarf
    12 | D:1      | Noticed a felid
    12 | D:1      | Noticed an octopode
    14 | D:1      | Noticed a vine stalker
    14 | D:1      | Noticed a troll
    16 | D:1      | Noticed a minotaur
    16 | D:1      | Noticed a human
    18 | D:1      | Noticed a formicid
    18 | D:1      | Noticed a gargoyle
    20 | D:1      | Noticed a halfling
    20 | D:1      | Noticed a demonspawn
    22 | D:1      | Noticed a demigod
    22 | D:1      | Noticed an ogre
    24 | D:1      | Noticed a merfolk
    24 | D:1      | Noticed a ghoul
    26 | D:1      | Noticed a tengu
   129 | D:1      | Reached XP level 2. HP: 27/27 MP: 1/1
   534 | D:1      | Reached XP level 3. HP: 29/33 MP: 2/2
   590 | D:2      | Noticed Jessica
   591 | D:2      | Killed Jessica
   636 | D:2      | Reached XP level 4. HP: 22/41 MP: 3/3
   884 | D:2      | Noticed Sigmund
   908 | D:2      | Slain by Sigmund

Levels and vault maps discovered:
D:1:      kb_arrival_jail, layout_rooms, minmay_split_cup_large
D:2:      layout_basic, uniq_jessica, uniq_sigmund

Skill      XL: |  1  2  3  4 |
---------------+-------------+-----
Shields        | 4 |  4.5
Armour         | 4 |  4.5
Fighting       | 4 |  4.4
Long Blades    | 3 |  3.0
Dodging        | |  0.6
Stealth        | |  0.2

Action                   |  1- 3 |  4- 6 || total
-------------------------+-------+-------++-------
Melee: Long sword        |    64 |    39 ||   103
       Headbutt          |    12 |     8 ||    20
  Use: Potion            |     2 |     2 ||     4
Armor: Scale mail        |    45 |    18 ||    63
Dodge: Dodged            |    21 |    11 ||    32
Block: Shield            |    36 |    14 ||    50
       Rpst.: Long sword |     6 |     3 ||     9
